 Dungeon Crawl Stone Soup version 0.13-a0-2537-g1f6edf4 (webtiles) character file.

144 Kae the Firebug (level 4, 0/24 HPs)
             Began as a Tengu Fire Elementalist on July 27, 2013.
             Slain by an orc
             ... wielding a +0,+1 orcish short sword
              (5 damage)
             ... on Level 3 of the Dungeon.
             The game lasted 00:02:01 (1743 turns).

Kae the Firebug (Tengu Fire Elementalist)           Turns: 1743, Time: 00:02:03

HP   0/24        AC  2     Str  9      XL: 4   Next: 24%
MP   5/8         EV 13     Int 16      God:
Gold 73          SH  0     Dex 14      Spells:  1 memorised,  5 levels left

Res.Fire  : . . .   See Invis. : .   k - +0 whip
Res.Cold  : . . .   Warding    : .   a - +0 robe
Life Prot.: . . .   Conserve   : .   (no shield)
Res.Poison: .       Res.Corr.  : .   (helmet restricted)
Res.Elec. : .       Clarity    : .   (no cloak)
Sust.Abil.: . .     Spirit.Shd : .   (no gloves)
Res.Mut.  : .       Stasis     : .   (boots unavailable)
Res.Rott. : .       Flight     : .   (no amulet)
Saprovore : . . .                    (no ring)
                                     i - ring of regeneration

@: very slightly contaminated, slightly resistant to hostile enchantments,
fairly stealthy
A: beak, talons 3
a: no special abilities


You were on level 3 of the Dungeon.
You were near starving.

You visited 1 branch of the dungeon, and saw 3 of its levels.

You collected 53 gold pieces.

Inventory:

Hand weapons
 k - a +0,+0 whip (weapon)
Armour
 a - a +0 robe (worn)
Comestibles
 c - 3 bread rations
 f - a meat ration
 h - 2 pears
 o - a choko
 p - 2 rotting chunks of goblin flesh
Scrolls
 d - 2 scrolls of remove curse {unknown}
 e - a scroll of identify {unknown}
 l - 2 scrolls of curse weapon {unknown}
 s - a scroll of teleportation {unknown}
 t - a scroll of fear {unknown}
Jewellery
 i - a ring of regeneration (left hand)
 m - an uncursed ring of teleport control {unknown}
 u - an uncursed ring of fire {unknown}
Potions
 g - a potion of mutation {unknown}
 j - a potion of beneficial mutation {unknown}
 n - a potion of heal wounds {unknown}
Books
 b - a book of Flames

   Spells                             Type                      Level
   *Flame Tongue                      Conjuration/Fire             1
   Throw Flame                        Conjuration/Fire             2
   Conjure Flame                      Conjuration/Fire             3
   Inner Flame                        Hexes/Fire                   3
   Sticky Flame                       Conjuration/Fire             4
   Fireball                           Conjuration/Fire             5


   Skills:
 + Level 0.2 Maces & Flails
 + Level 3.1 Dodging
 + Level 2.4 Stealth
 + Level 1.5 Spellcasting
 + Level 1.8 Conjurations
 + Level 4.1 Fire Magic


You had 5 spell levels left.
You knew the following spells:

 Your Spells              Type           Power        Failure   Level  Hunger
a - Flame Tongue          Conj/Fire      ##...        10%         1    ##.....


Dungeon Overview and Level Annotations

Branches:
Dungeon (3/27)

Altars:

Annotations
D:2 exclusions: 3 doors and 1 more exclusion


Innate Abilities, Weirdness & Mutations

You have a beak for a mouth.
You have claws for feet.


Message History

Confirm with . or Enter, or press ? or * to list all spells.
Aiming: Flame Tongue
Press: ? - help, Shift-Dir - straight line, f - orc
Aim: an orc, wielding an orcish flail and wearing an orcish ring mail The flame hits the orc.
The orc is heavily wounded.
The orc hits you with an orcish flail.
The orc hits you with an orcish short sword.
Casting: Flame Tongue
Confirm with . or Enter, or press ? or * to list all spells.
Aiming: Flame Tongue
Press: ? - help, Shift-Dir - straight line, f/p - orc
Aim: an orc, wielding an orcish flail and wearing an orcish ring mail (heavily wounded)
The flame hits the orc.
The orc appears unharmed.
The orc is heavily wounded.
The orc hits you with an orcish flail!
Ouch! That really hurt!
* * * LOW HITPOINT WARNING * * *
The orc hits you with an orcish short sword.
You die...

#####.# ......##
#....... ###.##....
# # #.......#
#.#.#.#.#...# #
>..)....#...##.#.#.
#......)o)<%........
#))@o...........
######.##(...#.>
...# ...# ###.. ....
#.#. ... #.#.. . #..
#. ... ...


You could see 2 orcs.

Vanquished Creatures
  A gnoll (D:2)
  A giant mite (D:2)
  A worm (D:2)
  2 giant geckos (D:2)
  2 orcs (D:3)
  4 giant cockroaches
  7 hobgoblins
  4 bats
  3 goblins
  12 kobolds
  8 rats
45 creatures vanquished.

Notes
Turn   | Place    | Note
--------------------------------------------------------------
     0 | D:1      | Kae, the Tengu Fire Elementalist, began the quest for the Orb.
     0 | D:1      | Reached XP level 1. HP: 10/10 MP: 3/3
   383 | D:1      | Reached XP level 2. HP: 9/15 MP: 0/5
   677 | D:1      | Reached skill level 4 in Fire Magic
   886 | D:2      | Reached XP level 3. HP: 19/19 MP: 6/6
  1326 | D:2      | Reached XP level 4. HP: 18/24 MP: 5/8
  1743 | D:3      | Slain by an orc

Action                   |  1- 3 |  4- 6 || total
-------------------------+-------+-------++-------
Melee: Unarmed           |    32 |       ||    32
       Whip              |    52 |     1 ||    53
 Cast: Flame Tongue      |    32 |    19 ||    51
 Stab: Sleeping          |     4 |       ||     4
